 Dungeon Crawl Stone Soup version 0.30.1-11-g7821555f0a (webtiles) character file.

Game seed: 15659682653860052458

110 lonewolfV2 the Insei (level 4, -1/28 HPs)
             Began as an Octopode Transmuter on Nov 2, 2023.
             Was a Follower of Jiyva.
             Slain by a phantom (5 damage)
             ... on level 3 of the Dungeon.
             The game lasted 00:05:44 (2332 turns).

lonewolfV2 the Insei (Octopode Transmuter)          Turns: 2332, Time: 00:05:44

Health: -1/28      AC:  1    Str:  9    XL:     4   Next: 91%
Magic:  9/9        EV: 13    Int: 23    God:    Jiyva [*.....]
Gold:   201        SH:  0    Dex: 12    Spells: 8/9 levels left

rFire   + .          .
                       - Unarmed
rCold   . . .        (no shield)
rNeg    . . .        (helmet currently unavailable)
rPois   .            (no amulet)
rElec   .            b - ring of protection from fire
rCorr   .            n - +6 ring of intelligence
SInv    .            (no ring)
Will    .....        (no ring)
Stlth   ++           (no ring)
HPRegen 1.04/turn    (no ring)
MPRegen 0.36/turn    (no ring)
                     (no ring)

%: no passive effects
@: appendages
A: tentacle spike 3, almost no armour, amphibious, 8 rings, camouflage 1,
gelatinous body 1, (nimble swimmer 1), tentacles
a: End Transformation, Renounce Religion


You were on level 3 of the Dungeon.
You worshipped Jiyva.
Jiyva was aware of your devotion.
One of your tentacles had grown a beastly spike.
You visited 1 branch of the dungeon, and saw 3 of its levels.

You collected 201 gold pieces.

Inventory:

Magical Staves
 g - a staff of conjuration
Jewellery
 b - a ring of protection from fire (left tentacle)
 n - a +6 ring of intelligence (right tentacle)
Scrolls
 c - 4 scrolls of magic mapping
 h - 2 scrolls of teleportation
 l - a scroll of identify
Potions
 a - a potion of lignification
 d - a potion of brilliance {unknown}
 e - a potion of curing {unknown}
 f - 2 potions of degeneration
 i - a potion of invisibility {unknown}
 j - a potion of heal wounds {unknown}
 k - a potion of ambrosia {unknown}
 m - 3 potions of haste {unknown}


   Skills:
 - Level 1.0 Fighting
 - Level 2.0 Dodging
 * Level 4.4 Unarmed Combat
 * Level 3.4 Spellcasting
 - Level 2.0 Transmutations


You had 8 spell levels left.
You knew the following spells:

 Your Spells              Type           Power      Damage    Failure   Level
a - Beastly Appendage     Tmut           26%        N/A       4%          1

Your spell library contained the following spells:

 Spells                   Type           Power      Damage    Failure   Level
 Wereblood                Tmut           13%        N/A       8%          2
 Spider Form              Tmut/Pois      8%         N/A       22%         3
 Ice Form                 Ice/Tmut       8%         N/A       58%         4


Dungeon Overview and Level Annotations

Branches:
Dungeon (3/15)

Altars:
Nemelex Xobeh
Jiyva


Innate Abilities, Weirdness & Mutations

One of your tentacles has grown a beastly spike.
You cannot wear most types of armour.
You are amphibious.
You can wear up to eight rings at the same time.
Your skin changes colour to match your surroundings (Stealth+).
Your rubbery body absorbs attacks. (AC +1, EV +1)
((You are camouflaged when in or above water. (Stealth+)))
You have tentacles for arms and can constrict up to eight enemies at once.


Message History

The phantom closely misses you.
You closely miss the phantom.
Your tentacle spike misses the phantom.
Your squeeze misses the phantom.
The phantom is severely damaged.
The phantom hits you but does no damage.
You tentacle-slap the phantom.
Your tentacle spike misses the phantom.
The phantom is almost destroyed.
The phantom hits you but does no damage.
You barely miss the phantom.
Your tentacle spike misses the phantom.
The phantom is almost destroyed.
You hear a distant slurping noise.
The phantom closely misses you.
You closely miss the phantom.
Your tentacle spike misses the phantom.
The phantom is almost destroyed.
The phantom closely misses you.
You completely miss the phantom.
The phantom is almost destroyed.
Your tentacle spike disappears.
You hear a distant slurping noise.
The phantom hits you.
* * * LOW HITPOINT WARNING * * *
The phantom blinks!
You blink.
You barely miss the phantom.
The phantom is almost destroyed.
The phantom barely misses you.
You miss the phantom.
The phantom is almost destroyed.
Casting: Beastly Appendage (safe; 4% risk of failure)
Confirm with . or Enter, or press ? or * to list all spells.
One of your tentacles grows a vicious spike.
The phantom hits you!
* * * LOW HITPOINT WARNING * * *
The phantom blinks!
You blink.
You tentacle-slap the phantom but do no damage.
The phantom is almost destroyed.
The phantom closely misses you.
You closely miss the phantom.
The phantom is almost destroyed.
The phantom hits you.
You die...

... #...........#
..# #..#.#.#.#..#
.## ###...........#
.#.......#.#.#.#..#
...#####..........#
.........#.#.#.#..#
#................##
#...ยง....#.#.#J#.#
.#######.......W@#
. #..###.##.# ..
...........# .#
#######.#.## #.#.#
#.#># #.#. #... #..


You could see a phantom and a neutral endoplasm (wandering) (fellow slime).

Vanquished Creatures
  Jessica (D:2)
  An adder (D:2)
  3 worms
  3 dart slugs
  7 endoplasms
  6 goblins
  5 hobgoblins
  4 quokkas
  2 ball pythons
  10 bats
  A frilled lizard (D:1)
  8 kobolds
  7 rats
58 creatures vanquished.

Notes
Turn   | Place    | Note
-------+----------+-------------------------------------------
     0 | D:1      | lonewolfV2 the Octopode Transmuter began the quest for the
                  | Orb.
     0 | D:1      | Reached XP level 1. HP: 13/13 MP: 3/3
   180 | D:1      | Reached XP level 2. HP: 18/18 MP: 3/5
   731 | D:2      | Reached XP level 3. HP: 22/23 MP: 4/6
  1337 | D:2      | Noticed Jessica
  1342 | D:2      | Killed Jessica
  1343 | D:2      | Reached skill level 4 in Unarmed Combat
  1343 | D:2      | Reached XP level 4. HP: 28/28 MP: 6/8
  2179 | D:3      | Found a sparkling altar of Nemelex Xobeh.
  2249 | D:3      | Found a faded altar of an unknown god.
  2277 | D:3      | Prayed at the altar of an unknown god.
  2277 | D:3      | Became a worshipper of Jiyva Junnur the Shapeless
  2277 | D:3      | Reached * piety under Jiyva
  2303 | D:3      | Noticed a phantom
  2332 | D:3      | Slain by a phantom

Illustrated notes

Levels and vault maps discovered:
D:1:      wheals_arrival_shading, layout_basic, amcnicky_mini_pool_small,
          minmay_box_of_dots
D:2:      layout_basic, minmay_joined_circles, uniq_jessica
D:3:      layout_rooms, nemelex_spade_bored_becter, serial_glass,
          glass_columns_c, glass_columns_a,
          shapermc_ecumenical_altar_totnotflames

Skill      XL: |  1  2  3 |
---------------+----------+-----
Unarmed Combat | 4 |  4.4
Spellcasting   | 3 |  3.4
Fighting       | |  1.0
Dodging        | |  2.0
Transmutations | |  2.0

Action                     |  1- 3 |  4- 6 || total
---------------------------+-------+-------++-------
  Melee: Unarmed           |    69 |    74 ||   143
         Constrict         |    16 |    17 ||    33
         Tentacles         |    11 |     9 ||    20
         Kick              |    12 |    20 ||    32
         Punch             |     2 |     3 ||     5
   Cast: Beastly Appendage |    23 |    15 ||    38
    Use: Scroll            |     4 |     3 ||     7
   Stab: Sleeping          |     4 |     2 ||     6
 Armour: Skin              |     8 |    12 ||    20
  Dodge: Dodged            |    67 |    59 ||   126
